 Dungeon Crawl Stone Soup version 0.31-a0-18-gea43df2a32 (webtiles) character file.

Game seed: 16929256007556937549

4 BlueFish the Sneak (level 1, -3/19 HPs)
             Began as a Draconian Delver on May 13, 2023.
             Killed from afar by a white imp (10 damage)
             ... with a puff of frost
             ... on level 5 of the Dungeon.
             The game lasted 00:00:10 (35 turns).

BlueFish the Sneak (Draconian Delver)                 Turns: 35, Time: 00:00:11

Health: -3/19      AC:  4    Str: 14    XL:     1   Next: 58%
Magic:  1/1        EV: 12    Int: 10    God:
Gold:   0          SH:  0    Dex: 12    Spells: 0/0 levels left

rFire   . . .        a - +0 short sword
rCold   . . .        (no shield)
rNeg    . . .        (body armour unavailable)
rPois   .            (helmet restricted)
rElec   .            (no cloak)
rCorr   .            (no gloves)
SInv    .            (no boots)
Will    .....        (no amulet)
Stlth   +++          (no ring)
HPRegen 0.23/turn    (no ring)
MPRegen 0.07/turn

%: no passive effects
@: no status effects
A: AC +4, unfitting armour, cold-blooded
a: no special abilities


You were on level 5 of the Dungeon.
You visited 1 branch of the dungeon, and saw 1 of its levels.

Inventory:

Hand Weapons
 a - a +0 short sword (weapon)
Wands
 f - a wand of digging (3)
Scrolls
 b - a scroll of fog
 c - a scroll of magic mapping
 d - a scroll of fear
Potions
 e - a potion of haste


   Skills:
 + Level 3.3 Fighting
 + Level 2.1 Short Blades
 + Level 1.9 Dodging
 + Level 4.5 Stealth


You couldn't memorise any spells.
You didn't know any spells.
Your spell library was empty.

Dungeon Overview and Level Annotations

Branches:
Dungeon (5/15)
 Temple: D:4-7

Altars:


Innate Abilities, Weirdness & Mutations

Your plain brown scales are hard. (AC +4)
You cannot fit into any form of body armour.
You are cold-blooded and may be slowed by cold attacks.


Message History

Are you destined to find the breathtaking Orb of Zot, or to die trying?
Press ? for a list of commands and other information.
Found a stone staircase leading down.
An orc comes into view. It is wielding a +0 hand axe.
An orc comes into view. It is wielding a +0 club.
A dart slug comes into view.
A white imp comes into view.
The white imp shouts, "Slither home, thou dissembling full-gorged simpleton!"
You hear a shout! x2
The dart slug bites you.
The white imp moves out of view.
You hit the dart slug.
The dart slug is lightly wounded.
The dart slug bites you.
You hit the dart slug. You tail-slap the dart slug.
You kill the dart slug!
An orc comes into view. It is wielding a +0 dagger.
Found a stone staircase leading down.
The white imp gestures at you. The puff of frost hits you.
An orc comes into view. It is wielding a +0 club.
You closely miss the orc. The orc hits you with a +0 dagger.
The orc shouts!
You hit the orc but do no damage.
You hear a shout! x2
The orc hits you with a +0 dagger.
You hit the orc.
The orc is moderately wounded.
The orc hits you with a +0 dagger.
You hit the orc. You tail-slap the orc.
You kill the orc!
You hit the white imp.
You tail-slap the white imp, but do no damage.
The white imp is moderately wounded.
The white imp misses you.
You hit the white imp but do no damage.
The white imp is moderately wounded.
The white imp gestures at you. The puff of frost hits you!
Ouch! That really hurt!
You die...

#.# #........
#.# #.......o
#.# #####o...
#.## #> #..##
...
##..####.....
##......#
#.###.##
##5@o.#
#........#
##########


You could see a white imp and an orc.

Vanquished Creatures
  A dart slug (D:5)
  An orc (D:5)
2 creatures vanquished.

Notes
Turn   | Place    | Note
-------+----------+-------------------------------------------
     0 | D:5      | BlueFish the Draconian Delver began the quest for the Orb.
     0 | D:5      | Reached XP level 1. HP: 19/19 MP: 1/1
    35 | D:5      | Killed from afar by a white imp

Illustrated notes

Levels and vault maps discovered:
D:5:      layout_rooms, minmay_temple_entry_sparse_star, minmay_circle_x

Action                     || total
---------------------------++-------
  Melee: Short sword       ||     8
         Tailslap          ||     3
  Dodge: Dodged            ||     1

Table legend: (Time is in decaauts)
 A = Elapsed time spent in this place.
 B = Non-inter-level travel time spent in this place.
 C = Inter-level travel time spent in this place.
 D = Time resting spent in this place.
 E = Time spent auto-exploring this place.
 F = Levels seen in this place.
 G = Mean time per level.
                   A        B        C        D        E       F      G
               +--------+--------+--------+--------+--------+-----+--------+
         Total |     34 |     34 |      0 |      0 |      0 |   1 |   34.0 |
       Dungeon |     34 |     34 |      0 |      0 |      0 |   1 |   34.0 |
               +--------+--------+--------+--------+--------+-----+--------+

Top non-repeatable levels by time:
     D:5: 34 daAuts
